 Dungeon Crawl Stone Soup version 0.31.0-11-ge490571c62 (webtiles) character file.

Game seed: 5185684426834488391

10418 Ijustatesigmund the Fighter (level 11, 0/76 HPs)
             Began as a Gargoyle Fighter on Jan 30, 2024.
             Was a Priest of Vehumet.
             Slain by a spectral four-headed hydra (3 damage)
             ... in a Gauntlet.
             The game lasted 00:32:19 (10272 turns).

Ijustatesigmund the Fighter (Gargoyle Fighter)     Turns: 10272, Time: 00:32:19

Health: 0/76       AC: 27    Str: 21    XL:     11   Next: 61%
Magic:  0/18       EV: 15    Int: 12    God:    Vehumet [***...]
Gold:   525        SH:  5    Dex:  9    Spells: 20/20 levels left

rFire   . . .        a - +0 morningstar
rCold   . . .        c - +0 buckler
rNeg    + . .        b - +9 ring mail of Focus {Stlth+}
rPois   ∞            t - +1 helmet
rElec   +            p - +0 cloak
rCorr   .            (no gloves)
SInv    .            (no boots)
Will    .....        s - amulet of guardian spirit
Stlth   +            h - +5 ring of evasion
HPRegen 0.32/turn    (no ring)
MPRegen 0.16/turn

%: no teleportation, guardian spirit
@: attractive, hasted and slowed
A: sickness immunity, AC +8, negative energy resistance 1, electricity
resistance, torment resistance 1, petrification resistance
a: Renounce Religion


You were in a Gauntlet.
You worshipped Vehumet.
Vehumet was most pleased with you.
You visited 2 branches of the dungeon, and saw 12 of its levels.
You also visited: Gauntlet.

You collected 635 gold pieces.
You spent 110 gold pieces at shops.

Inventory:

Hand Weapons
 a - a +0 morningstar (weapon)
 d - a -2 demon whip of venom
Armour
 b - the +9 ring mail of Focus (worn) {Stlth+}
   (You found it on level 4 of the Dungeon)

   Stlth+:    It makes you more stealthy.
 c - a +0 buckler (worn)
 p - a +0 cloak (worn)
 t - a +1 helmet (worn)
 E - +0 acid dragon scales
Magical Staves
 v - a staff of conjuration
Jewellery
 h - a +5 ring of evasion (left hand)
 l - an amulet of reflection
 s - an amulet of guardian spirit (around neck)
Wands
 f - a wand of polymorph (2)
 i - a wand of flame (27)
 y - a wand of roots (10)
Scrolls
 e - 7 scrolls of teleportation
 g - a scroll of poison
 j - a scroll of silence {unknown}
 k - 4 scrolls of fear
 m - a scroll of immolation
 n - a scroll of noise
 q - a scroll of acquirement {unknown}
 r - 2 scrolls of revelation
 u - a scroll of amnesia
 w - a scroll of blinking {unknown}
 A - 2 scrolls of enchant armour {unknown}
Potions
 x - a potion of brilliance
 z - a potion of enlightenment


   Skills:
 + Level 11.9 Fighting
 - Level 8.0 Maces & Flails
 - Level 6.8 Armour
 - Level 6.9 Shields
 - Level 5.0 Spellcasting
 - Level 6.0 Conjurations
 - Level 4.9 Evocations


You had 20 spell levels left.
You didn't know any spells.
Your spell library contained the following spells:

 Spells                   Type           Power      Damage    Failure   Level
 Hailstorm                Conj/Ice       10%        3d6       9%          3
 Scorch                   Fire           6%         2d5       16%         2
 Flame Wave               Conj/Fire      10%        2d6       26%         4
 Inner Flame              Hex/Fire       3%         N/A       28%         3
 Ensorcelled Hibernation  Hex/Ice        6%         N/A       50%         2
 Arcjolt                  Conj/Air       5%         1d15      56%         5
 Yara's Violent Unravell  Hex/Alch       1%         3d3       91%         5
 Anguish                  Hex/Necr       1%         N/A       98%         4
 Cause Fear               Hex            1%         N/A       98%         4
 Vhi's Electric Charge    Tloc/Air       6%         N/A       98%         4
 Summon Cactus Giant      Summ           1%         N/A       100%        6
 Enfeeble                 Hex            1%         N/A       100%        7
 Maxwell's Capacitive Co  Air            1%         ∞         100%        8


Dungeon Overview and Level Annotations

Branches:
Dungeon (11/15)            Temple (1/1) D:7            Lair (0/5) D:9
    Orc (0/2) D:11        Gauntlet (1/1)

Altars:
Ashenzari
Cheibriados
Dithmenos
Elyvilon
Fedhas
Gozag
Hepliaklqana
Kikubaaqudgha
Makhleb
Nemelex Xobeh
Okawaru
Qazlal
Ru
Sif Muna
Trog
Uskayaw
Vehumet
Wu Jian
Xom
Yredelemnul
Zin
The Shining One

Shops:
D:2 *   D:3 ?[[[[   D:10 :

Annotations:
D:3 1 runed translucent door, protoss039's ghost, weakling DsEE
D:4 Dowan; Duvessa
D:8 Jeremiah
D:9 exclusions: obsidian statue and oklob plant
Temple 2 transporters Gauntlet 2 transporters


Innate Abilities, Weirdness & Mutations

You are immune to sickness and miasma.
Your stone body is resilient. (AC +8)
You are immune to poison.
You resist negative energy. (rN+)
You are resistant to electric shocks. (rElec)
You are resistant to unholy torment.
You are immune to petrification.


Message History

You block the death scarab's attack.
You feel yourself speed up. The death scarab completely misses you.
The spectral four-headed hydra completely misses you.
The spectral four-headed hydra closely misses you.
The spectral four-headed hydra misses you.
You block the spectral four-headed hydra's attack.
The death scarab bites you!
* * * LOW HITPOINT WARNING * * *
The spectral four-headed hydra bites you but does no damage.
The spectral four-headed hydra misses you.
The spectral four-headed hydra barely misses you.
The spectral four-headed hydra bites you but does no damage. x4
The spectral four-headed hydra bites you.
* * * LOW HITPOINT WARNING * * *
You hit the spectral four-headed hydra.
The spectral four-headed hydra is moderately damaged.
The death scarab misses you. The death scarab barely misses you.
The spectral four-headed hydra bites you but does no damage.
The spectral four-headed hydra misses you.
The spectral four-headed hydra barely misses you.
The spectral four-headed hydra bites you but does no damage.
You block the spectral four-headed hydra's attack.
The spectral four-headed hydra bites you but does no damage.
The spectral four-headed hydra bites you.
* * * LOW HITPOINT WARNING * * *
The spectral four-headed hydra bites you but does no damage.
The death scarab completely misses you.
Okay, then.
It was a potion of attraction.
You feel attractive to monsters.
The death scarab bites you but does no damage.
The spectral four-headed hydra misses you.
The spectral four-headed hydra barely misses you.
The spectral four-headed hydra bites you.
* * * LOW HITPOINT WARNING * * *
The spectral four-headed hydra completely misses you.
The spectral four-headed hydra bites you but does no damage. x2
You block the spectral four-headed hydra's attack.
The spectral four-headed hydra bites you.
You die...

...... ..§
..........# .
########..# ..
(©:=..#..# ..# #
..#.#.#..###
..#.###...#.#..#8
..#...###...#..#
..#.#..©#B#Z#..#
..#.#.#...#@#..###
..#...###..Z#..#8#
..#.#...###B#..###
..#.........#..#
.§###########..###
≈§...#.©.#.....#8
..≈8§...#...#.8...###
...≈....#.©.#.....#
##...###########..###


You could see 2 spectral four-headed hydras and a death scarab.

Vanquished Creatures
  A boulder beetle (D:11)
  Amaemon (D:11)
  Joseph (D:7)
  An orange demon (D:11)
  An unseen horror (D:11)
  Psyche (D:8)
  3 trolls
  A raiju (Gauntlet)
  2 hornets (D:9)
  Sigmund (D:4)
  2 wraiths
  12 yaks
  3 steam dragons
  An acid dragon (D:11)
  2 water moccasins
  3 orc warriors
  2 ice beasts
  A black bear (D:6)
  A sky beast (D:6)
  2 laughing skulls (Gauntlet)
  4 centaurs
  An ogre (D:6)
  4 kobold brigands
  2 bullfrogs (D:7)
  A scorpion (D:5)
  11 wights
  11 killer bees
  5 howler monkeys
  2 bombardier beetles
  A jelly (D:4)
  3 orc priests
  8 hounds
  3 iguanas
  A sleepcap (D:3)
  Natasha (twice) (D:4)
  8 orc wizards
  Robin (D:2)
  5 gnolls
  9 adders
  A shadow imp (D:7)
  A white imp (D:6)
  3 dart slugs
  5 ribbon worms
  42 orcs
  4 bats
  7 endoplasms
  4 giant cockroaches
  17 goblins
  11 hobgoblins
  7 jackals
  6 quokkas
  7 ball pythons
  5 frilled lizards
  21 kobolds
  6 rats
271 creatures vanquished.

Notes
Turn   | Place    | Note
-------+----------+-------------------------------------------
     0 | D:1      | Ijustatesigmund the Gargoyle Fighter began the quest for
                  | the Orb.
     0 | D:1      | Reached XP level 1. HP: 14/14 MP: 1/1
   102 | D:1      | Reached XP level 2. HP: 17/19 MP: 2/2
   387 | D:1      | Reached XP level 3. HP: 23/23 MP: 3/3
   653 | D:2      | Noticed Robin
   662 | D:2      | Killed Robin
   663 | D:2      | Reached XP level 4. HP: 23/29 MP: 4/4
   782 | D:2      | Found a glowing golden altar of the Shining One.
   951 | D:2      | Found Ewyistraele's General Store.
   958 | D:2      | Reached skill level 4 in Fighting
   961 | D:2      | Bought a scroll of fear for 44 gold pieces
   961 | D:2      | Bought 2 potions of curing for 66 gold pieces
  1021 | D:2      | Reached XP level 5. HP: 26/33 MP: 5/5
  1183 | D:3      | Found a faded altar of an unknown god.
  1190 | D:3      | Found Subbeur's Magic Scroll Emporium.
  1209 | D:3      | Found Boisaker's Armour Shoppe.
  1317 | D:3      | Found Kuforiu's Antique Armour Shoppe.
  1414 | D:3      | Found Xingir's Armour Shoppe.
  1430 | D:3      | Found Yxeeph's Armour Shoppe.
  1465 | D:3      | Found a runed translucent door.
  1465 | D:3      | Noticed protoss039's ghost (weakling DsEE)
  2071 | D:4      | Reached XP level 6. HP: 28/39 MP: 3/6
  2185 | D:5      | Entered Level 5 of the Dungeon
  2359 | D:4      | Noticed Dowan
  2360 | D:4      | Noticed Duvessa
  2519 | D:5      | Noticed a water moccasin
  2529 | D:5      | Reached XP level 7. HP: 38/44 MP: 7/7
  2558 | D:5      | Reached skill level 5 in Maces & Flails
  2789 | D:5      | Found a broken altar of Ashenzari.
  2802 | D:5      | Reached skill level 5 in Fighting
  2802 | D:5      | Reached skill level 5 in Armour
  2802 | D:5      | Reached skill level 5 in Shields
  3375 | D:6      | Got Zazueffo's Parchment of the Sixfirhy and the Oath
  3405 | D:6      | Identified the +1 hand axe "Cerph" {flame, Dex+3}
  3611 | D:6      | Reached XP level 8. HP: 41/50 MP: 3/8
  3948 | D:6      | Found a glowing silver altar of Zin.
  3954 | D:6      | Found a shimmering altar of Xom.
  3961 | D:6      | Found an ornate altar of the Wu Jian Council.
  3966 | D:6      | Found an iron altar of Okawaru.
  4302 | D:7      | Found a staircase to the Ecumenical Temple.
  4310 | Temple   | Found a transporter.
  4310 | Temple   | Found a transporter.
  4310 | Temple   | Found a transporter.
  4310 | Temple   | Found a transporter.
  4310 | Temple   | Entered the Ecumenical Temple
  4324 | Temple   | Became a worshipper of Vehumet
  4354 | D:7      | Reached skill level 6 in Fighting
  4728 | Temple   | Reached XP level 9. HP: 41/56 MP: 7/9
  5198 | D:7      | Noticed Joseph
  5215 | D:7      | Killed Joseph
  5471 | D:7      | Reached * piety under Vehumet
  5471 | D:7      | Offered knowledge of Sting by Vehumet.
  5874 | D:4      | Reached skill level 1 in Conjurations
  5894 | D:4      | Identified the +9 ring mail of Focus {Stlth+}
  5936 | D:4      | Reached skill level 1 in Spellcasting
  6003 | D:4      | Reached skill level 1 in Evocations
  6166 | D:4      | Noticed Natasha
  6173 | D:4      | Killed Natasha
  6256 | D:4      | Noticed Sigmund
  6295 | D:4      | Killed Sigmund
  6362 | D:4      | Noticed Natasha
  6371 | D:4      | Killed Natasha
  6662 | D:8      | Found a white marble altar of Elyvilon.
  6738 | D:8      | Noticed Psyche
  6816 | D:8      | Killed Psyche
  6817 | D:8      | Reached XP level 10. HP: 55/61 MP: 9/14
  6861 | D:8      | Offered knowledge of Mercury Vapours by Vehumet.
  6907 | D:8      | Noticed Jeremiah
  7258 | D:8      | Reached ** piety under Vehumet
  8107 | D:9      | Reached skill level 5 in Conjurations
  8597 | D:9      | Found a blossoming altar of Fedhas.
  8609 | D:9      | Noticed an oklob plant
  8656 | D:9      | Found the +10 zealot's sword {holy, Zealotry, *Rage rN+
                  | EV+3}
  8657 | D:9      | Noticed an obsidian statue
  8870 | D:9      | Reached skill level 5 in Spellcasting
  8911 | D:9      | Reached skill level 7 in Fighting
  9029 | D:9      | Found a staircase to the Lair.
  9283 | D:10     | Entered Level 10 of the Dungeon
  9419 | D:10     | Offered knowledge of Static Discharge by Vehumet.
  9420 | D:10     | Reached skill level 8 in Fighting
  9442 | D:10     | Reached XP level 11. HP: 57/69 MP: 18/18
  9532 | D:10     | Reached *** piety under Vehumet
  9533 | D:10     | Reached skill level 9 in Fighting
  9623 | D:10     | Found Booziv's Book Boutique.
  9986 | D:11     | Noticed a boulder beetle
 10007 | D:11     | Noticed Amaemon
 10008 | D:11     | Reached skill level 10 in Fighting
 10011 | D:11     | Killed a boulder beetle
 10024 | D:11     | Killed Amaemon
 10025 | D:11     | Reached skill level 11 in Fighting
 10076 | D:11     | Found a gate leading to a gauntlet.
 10099 | Gauntlet | Entered a Gauntlet
 10099 | Gauntlet | Noticed a worldbinder
 10099 | Gauntlet | Found a transporter.
 10099 | Gauntlet | Found a transporter.
 10099 | Gauntlet | Found a transporter.
 10142 | Gauntlet | Found a transporter.
 10183 | Gauntlet | Offered knowledge of Hailstorm by Vehumet.
 10215 | Gauntlet | Found a transporter.
 10251 | Gauntlet | Found a transporter.
 10258 | Gauntlet | Noticed a death scarab
 10261 | Gauntlet | Found a transporter.
 10262 | Gauntlet | Noticed a death scarab
 10271 | Gauntlet | HP: 3/76 [spectral four-headed hydra (5)]
 10272 | Gauntlet | Slain by a spectral four-headed hydra

Illustrated notes

Levels and vault maps discovered:
D:1:      spicycebolla_arrival_clurvy, layout_rooms, grunt_decor_fettered,
          minmay_misc_feat_four_crosses
D:2:      layout_rooms, basic_altar, serial_shops,
          nicolae_shop_advertising_works [nicolae_subvault_shop_adworks],
          minmay_tetromino_l2, uniq_robin
D:3:      minmay_spotlight, layout_rooms, hellmonk_ghost_happy_afterlife,
          serial_shops, nicolae_shop_statue_plus, shop, shop, shop,
          nicolae_shop_trees, shapermc_ecumenical_altar_flowoftime
D:4:      layout_loops_ring, dreamdust_gnoll_farm, uniq_natasha, uniq_sigmund,
          uniq_edmund, uniq_duvessa
D:5:      layout_basic, mainiacjoe_overflow_tiny_flanked, minmay_curled_crystal
D:6:      layout_loops_ring, nicolae_overflow_macrodata_refinement,
          chequers_arboretum
D:7:      layout_cave_pods, minmay_temple_entry_ruins, uniq_joseph
D:8:      layout_basic, mainiacjoe_overflow_paths,
          hangedman_decor_diamond_cutter, uniq_psyche, uniq_jeremiah
D:9:      layout_cross, tgw_fedhas, lair_entry_dummy, minivault_15,
          serial_park_tiny_1, kennysheep_decorative_pillar, serial_bayou_pond_c
D:10:     layout_rooms, serial_shops, nicolae_shop_competitors_out_of_business
D:11:     layout_cave_pods, orc_0_dummy, gauntlet_entry_generic,
          serial_column_ruins, column_ruins_circle_medium, column_ruins_grid_3,
          column_ruins_grid_2, column_ruins_corridor_straight,
          column_ruins_columns_straight, column_ruins_grid_2,
          column_ruins_open_tiny_water, uniq_amaemon
Temple:   hellmonk_temple_divided_pantheon
Gauntlet: gammafunk_gauntlet_hard_choice [gammafunk_gauntlet_arena_mazey,
          nicolae_gauntlet_arena_quarters, nicolae_gauntlet_arena_blocks,
          gammafunk_gauntlet_arena_grid, nicolae_gauntlet_arena_grate_2,
          gammafunk_gauntlet_arena_spirals, gauntlet_exit_hidden_loot]

Skill      XL: |  1  2  3  4  5  6  7  8  9 10 11 |
---------------+----------------------------------+-----
Maces & Flails | 3 4 5 7 8 |  8.0
Shields        | 4 5 6 |  6.9
Fighting       | 4 5 6 8 11 | 11.9
Armour         | 4 5 6 |  6.8
Conjurations   | 3 6 |  6.0
Spellcasting   | 2 5 |  5.0
Evocations     | 2 4 |  4.9

Action                     |  1- 3 |  4- 6 |  7- 9 | 10-12 || total
---------------------------+-------+-------+-------+-------++-------
  Melee: Flail             |   133 |   249 |   343 |       ||   725
         Morningstar       |       |       |   203 |   467 ||   670
  Evoke: Wand              |       |       |     1 |     7 ||     8
    Use: Scroll            |       |     3 |     8 |     6 ||    17
         Potion            |       |       |     6 |     8 ||    14
   Stab: Sleeping          |       |       |       |     3 ||     3
 Armour: Scale mail        |   100 |   172 |   280 |       ||   552
         Ring mail         |       |       |    76 |   474 ||   550
         Skin              |       |       |     1 |    12 ||    13
  Dodge: Dodged            |    71 |   204 |   376 |   545 ||  1196
  Block: Buckler           |    32 |    63 |   154 |   199 ||   448
